Map: Ruins of Endion

Players

Octopus - Winner!

  • Race: Zerg Zerg
  • League: Master

oliM

  • Race: Protoss Protoss
  • League: Grandmaster

VOD

Have the link to the VOD?

Description

Time

  • Played on: May 21, 2016, 2:27 a.m.
  • Length: 10:17
Show
View Real Time Build Order
Export as new Build Order

Octopus Zerg - Winner!

Build Orders: Hatch First, Lurkers 

Get SALT Encoding   

  12  0:01  Drone  
  13  0:13  Overlord  
  13  0:18  Drone  
  14  0:32  Drone x2  
  14  0:35  Drone  
  17  0:52  Hatchery  
  17  0:55  Drone  
  17  0:58  Drone  
  17  1:01  Extractor  
  17  1:13  Spawning Pool  
  17  1:16  Drone  
  17  1:20  Drone  
  18  1:29  Drone  
  19  1:39  Overlord  
  19  2:00  Zergling x2, Queen  
  19  2:01  Zergling x2, Metabolic Boost  
  23  2:04  Queen  
  23  2:07  Drone  
  26  2:11  Drone  
  28  2:15  Drone  
  28  2:22  Drone  
  29  2:27  Drone  
  30  2:37  Hatchery  
  30  2:39  Drone  
  30  2:41  Drone  
  31  2:45  Drone  
  31  2:48  Overlord  
  32  2:55  Drone  
  33  2:58  Drone  
  33  3:05  Drone  
  35  3:10  Overlord, Drone  
  35  3:11  Drone  
  35  3:12  Drone x3  
  40  3:14  Drone  
  40  3:19  Zergling x2  
  42  3:22  Queen  
  42  3:27  Overlord  
  44  3:30  Drone  
  45  3:35  Drone  
  45  3:36  Extractor, Roach Warren  
  44  3:41  Lair  
  44  3:42  Drone  
  44  3:43  Drone  
  44  3:47  Drone x2  
  48  3:50  Drone  
  48  3:51  Drone  
  50  3:56  Drone x2  
  50  3:57  Drone  
  53  4:06  Overlord  
  52  4:10  Drone  
  52  4:13  Drone x3  
  52  4:16  Overlord  
  56  4:19  Queen  
  56  4:20  Extractor  
  56  4:21  Overlord  
  58  4:26  Drone x4  
  58  4:29  Spore Crawler, Extractor  
  60  4:32  Queen  
  60  4:36  Spore Crawler, Drone  
  60  4:37  Drone  
  63  4:40  Overlord  
  63  4:42  Drone x2  
  65  4:46  Drone x3  
  65  4:49  Zergling x2  
  65  4:50  Zergling x2  
  70  4:55  Evolution Chamber  
  70  4:56  Extractor, Drone, Hydralisk Den  
  70  4:59  Drone x3  
  71  5:05  Spore Crawler  
  70  5:07  Queen  
  70  5:11  Drone x3  
  75  5:15  Overlord  
  75  5:17  Drone x2  
  75  5:19  Drone x2  
  75  5:20  Extractor, Drone  
  75  5:21  Evolution Chamber, Drone  
  79  5:24  Zerg Missile Weapons Level 1  
  79  5:27  Drone  
  79  5:28  Drone  
  81  5:30  Overlord  
  81  5:33  Drone  
  81  5:34  Drone  
  83  5:36  Muscular Augments, Drone  
  83  5:40  Drone x3  
  83  5:42  Extractor  
  86  5:57  Hatchery  
  86  5:58  Overlord x4  
  86  6:00  Pneumatized Carapace  
  85  6:05  Zerg Melee Weapons Level 1  
  85  6:08  Drone x3  
  85  6:11  Overlord x2  
  85  6:12  Overlord  
  85  6:24  Hydralisk x5  
  85  6:25  Hydralisk  
  97  6:32  Hydralisk x3  
  101  6:38  Hydralisk  
  101  6:39  Hydralisk x2  
  109  6:46  Lurker Den  
  109  6:48  Hydralisk  
  109  6:49  Hydralisk x2  
  109  6:50  Overseer  
  115  7:00  Drone x5  
  120  7:05  Drone x4  
  120  7:07  Drone x3  
  127  7:10  Extractor x2  
  127  7:14  Drone x5  
  127  7:15  Drone  
  131  7:16  Nydus Network  
  131  7:21  Overlord  
  130  7:23  Overlord  
  130  7:26  Spore Crawler  
  130  7:27  Zerg Missile Weapons Level 2  
  129  7:32  Overlord  
  129  7:37  Hydralisk  
  129  7:38  Hydralisk x4  
  139  7:44  Zergling x2  
  139  7:45  Zergling x16  
  148  8:00  Overlord x2  
  148  8:04  Hydralisk  
  148  8:05  Hydralisk x7  
  156  8:08  Nydus Canal  
  164  8:27  Hatchery, Infestation Pit  
  163  8:30  Hydralisk x4  
  163  8:32  Nydus Canal  
  166  8:41  Hydralisk  
  166  8:42  Hydralisk x6  
  171  8:54  Hydralisk x6  
  176  8:58  Lurker  
  173  9:04  Hydralisk x4  
  173  9:09  Hydralisk x4  
  181  9:17  Nydus Canal  
  181  9:22  Lurker  
  181  9:23  Lurker, Overlord  
  184  9:24  Lurker, Zergling x2  
  184  9:25  Zergling x12  
  184  9:26  Overlord  
  179  9:48  Nydus Canal, Hydralisk x4  
  179  9:49  Zergling x14  
  179  9:50  Zergling x6  
Show
View Real Time Build Order
Export as new Build Order

oliM Protoss 

Build Orders: 1 Gate Expand, Phoenix Opening 

Get SALT Encoding   

  12  0:01  Probe (Chrono Boost)  
  13  0:12  Probe (Chrono Boost)  
  14  0:21  Pylon  
  14  0:22  Probe (Chrono Boost)  
  15  0:39  Probe (Chrono Boost)  
  15  0:40  Gateway  
  17  0:50  Probe (Chrono Boost)  
  17  0:52  Assimilator  
  17  1:00  Probe (Chrono Boost)  
  18  1:11  Probe (Chrono Boost)  
  19  1:23  Nexus  
  19  1:27  Probe (Chrono Boost)  
  20  1:37  Cybernetics Core  
  20  1:41  Probe (Chrono Boost)  
  20  1:47  Assimilator  
  21  1:52  Probe (Chrono Boost)  
  22  2:01  Pylon  
  22  2:02  Probe (Chrono Boost)  
  23  2:20  Warp Gate, Mothership Core (Chrono Boost)  
  23  2:22  Zealot  
  28  2:37  Probe (Chrono Boost)  
  28  2:38  Probe (Chrono Boost)  
  29  2:48  Probe x2 (Chrono Boost)  
  29  2:49  Stalker  
  33  2:58  Probe (Chrono Boost), Stargate  
  33  2:59  Probe (Chrono Boost)  
  34  3:09  Probe (Chrono Boost)  
  34  3:10  Probe (Chrono Boost), Pylon  
  36  3:19  Probe (Chrono Boost)  
  37  3:20  Probe (Chrono Boost)  
  38  3:29  Gateway  
  38  3:30  Probe (Chrono Boost)  
  38  3:33  Gateway  
  38  3:34  Probe (Chrono Boost)  
  40  3:39  Probe (Chrono Boost)  
  41  3:44  Probe (Chrono Boost), Phoenix (Chrono Boost)  
  44  3:49  Probe  
  45  3:56  Probe  
  45  3:59  Probe  
  45  4:00  Pylon  
  47  4:08  Probe, Pylon  
  48  4:10  Probe  
  48  4:16  Gateway  
  47  4:20  Probe, Phoenix (Chrono Boost)  
  47  4:21  Probe  
  51  4:26  Assimilator  
  51  4:31  Assimilator, Probe  
  51  4:32  Probe  
  53  4:42  Probe, Phoenix (Chrono Boost)  
  56  4:48  Nexus  
  56  4:50  Pylon  
  56  4:53  Probe  
  56  4:54  Probe  
  58  5:01  Robotics Facility  
  58  5:05  Robotics Facility  
  58  5:07  Probe  
  59  5:12  Probe  
  60  5:15  Sentry  
  60  5:19  Probe, Phoenix (Chrono Boost)  
  65  5:23  Probe  
  65  5:25  Twilight Council  
  65  5:27  Forge  
  66  5:31  Probe  
  66  5:33  Zealot  
  66  5:34  Probe  
  69  5:41  Pylon  
  70  5:43  Probe  
  70  5:45  Probe  
  72  5:52  Immortal (Chrono Boost)  
  76  5:58  Probe  
  76  6:00  Immortal (Chrono Boost)  
  76  6:02  Pylon  
  81  6:08  Charge  
  81  6:11  Protoss Ground Weapons Level 1 (Chrono Boost)  
  81  6:14  Probe  
  81  6:15  Probe  
  81  6:23  Probe  
  81  6:24  Templar Archives  
  82  6:26  Probe, Gateway  
  82  6:27  Probe  
  82  6:31  Gateway  
  84  6:34  Probe  
  84  6:38  Immortal (Chrono Boost)  
  89  6:40  Immortal (Chrono Boost)  
  89  6:44  Probe  
  89  6:46  Assimilator  
  94  6:49  Assimilator  
  94  6:52  Probe  
  95  6:55  Psionic Storm, Pylon  
  95  6:57  Probe x2  
  95  7:01  Zealot x2, Photon Cannon  
  101  7:09  Pylon  
  101  7:11  High Templar  
  103  7:20  High Templar  
  105  7:23  Pylon  
  105  7:24  Probe, Pylon  
  106  7:30  Gateway  
  106  7:31  Gateway  
  106  7:32  High Templar  
  106  7:33  Gateway  
  106  7:34  Photon Cannon  
  106  7:35  Probe, Pylon  
  109  7:41  High Templar  
  111  7:44  Zealot x3  
  117  7:52  Pylon  
  117  7:54  High Templar, Pylon  
  119  7:59  Immortal (Chrono Boost)  
  123  8:07  Zealot x3  
  123  8:08  Zealot  
  123  8:09  Immortal (Chrono Boost)  
  135  8:13  Photon Cannon  
  135  8:16  Pylon  
  133  8:27  Photon Cannon  
  133  8:32  Zealot x3  
  133  8:33  Zealot x5  
  125  8:53  Zealot  
  125  8:54  Zealot x4  
  125  8:55  Zealot, High Templar x2  
  123  8:56  High Templar  
  123  9:02  Probe  
  122  9:08  Pylon  
  122  9:09  Pylon  
  117  9:11  Immortal (Chrono Boost)  
  116  9:19  Zealot x3  
  122  9:29  Zealot x2  
  122  9:30  Zealot  
  120  9:43  Probe  
  111  9:46  Zealot x3  
  119  9:59  Zealot x3  
  122  10:12  Zealot x3  
Tags
 
Add a new tag
Caveats
  • Supply blocks, unpowered buildings, or Contaminate may cause inaccurate times.
  • Supply counts are checked every 10 seconds.